2683 views
Uploaded 2020-02-21 21:02:36
Game version 1.32 / 1.32.1
30:25 long 1on1 ladder game on (2)NorthernIsles
Saved by TALONSARIMBA
2683 views
Uploaded 2020-02-21 21:02:36
Game version 1.32 / 1.32.1
30:25 long 1on1 ladder game on (2)NorthernIsles

53 units @ 7.9k
/ 1.8k
16 buildings @ 3k
/ 1.2k



| Moonstone | 1 | 50 |
| Staff of Preservation | 1 | 150 |
| Potion of Healing | 2 | 300 |
| Potion of Mana | 1 | 200 |
| Orb of Venom | 1 | 325 |
| Scroll of Town Portal | 2 | 700 |
| total: | 8 | 1725g |
| Wisp | 21 | 1260 | / | 0 |
| Huntress | 10 | 1950 | / | 200 |
| Dryad | 8 | 1160 | / | 480 |
| Druid of the Claw | 14 | 3570 | / | 1120 |
| total: | 53 | 7940g | / | 1800w |
| Altar of Elders | 1 | 180 | / | 50 |
| Moon Well | 7 | 1260 | / | 280 |
| Hunter's Hall | 1 | 210 | / | 100 |
| Ancient of War | 2 | 300 | / | 120 |
| Ancient of Wonders | 1 | 90 | / | 30 |
| Tree of Life | 2 | 680 | / | 370 |
| Ancient of Lore | 2 | 310 | / | 290 |
| Tree of Ages | 1 | 320 | / | 180 |
| Tree of Eternity | 1 | 330 | / | 200 |
| total: | 16 | 3030g | / | 1240w |
| 0:03 | Altar of Elders |
| 0:05 | Moon Well |
| 0:06 | Wisp |
| 0:22 | Wisp |
| 0:36 | Wisp |
| 0:49 | Wisp |
| 0:55 | Wisp |
| 1:09 | Wisp |
| 1:26 | Hunter's Hall |
| 1:31 | Wisp |
| 1:54 | Wisp |
| 2:08 | Entangling Roots |
| 2:12 | Ancient of War |
| 2:14 | Ancient of War |
| 2:16 | Wisp |
| 2:16 | Wisp |
| 2:26 | Moon Well |
| 2:30 | Moon Well |
| 2:51 | Moon Well |
| 3:20 | Huntress |
| 3:34 | Wisp |
| 4:00 | Huntress |
| 4:12 | Huntress |
| 4:24 | Moon Well |
| 4:30 | Huntress |
| 4:51 | Huntress |
| 5:23 | Huntress |
| 5:37 | Huntress |
| 5:59 | Huntress |
| 6:01 | Force of Nature |
| 6:33 | Huntress |
| 6:51 | Huntress |
| 7:35 | Tree of Ages |
| 7:48 | Ancient of Wonders |
| 8:11 | Sentinel |
| 8:53 | Entangling Roots |
| 9:28 | Moon Armor |
| 9:58 | Ancient of Lore |
| 10:00 | Ancient of Lore |
| 10:32 | Moonstone |
| 10:36 | Scroll of Town Portal |
| 10:38 | Staff of Preservation |
| 10:54 | Tree of Eternity |
| 10:56 | Moon Well |
| 11:44 | Druid of the Claw Adept Training |
| 11:48 | Dryad |
| 11:54 | Potion of Healing |
| 11:57 | Force of Nature |
| 12:11 | Dryad |
| 12:32 | Abolish Magic |
| 12:35 | Trueshot Aura |
| 12:42 | Tree of Life |
| 12:57 | Dryad |
| 13:17 | Druid of the Claw Master Training |
| 13:19 | Druid of the Claw |
| 13:25 | Reinforced Hides |
| 13:27 | Wisp |
| 13:27 | Wisp |
| 13:45 | Druid of the Claw |
| 14:23 | Scroll of Town Portal |
| 14:30 | Mark of the Claw |
| 14:54 | Druid of the Claw |
| 14:56 | Moon Well |
| 15:22 | Dryad |
| 15:25 | Entangling Roots |
| 15:36 | Searing Arrows |
| 15:39 | Dryad |
| 15:55 | Wisp |
| 15:55 | Wisp |
| 15:55 | Wisp |
| 15:55 | Wisp |
| 16:17 | Druid of the Claw |
| 16:24 | Wisp |
| 16:38 | Trueshot Aura |
| 17:00 | Dryad |
| 18:01 | Druid of the Claw |
| 18:45 | Strength of the Wild |
| 19:29 | Druid of the Claw |
| 19:55 | Searing Arrows |
| 20:14 | Searing Arrows |
| 20:17 | Druid of the Claw |
| 20:32 | Improved Reinforced Hides |
| 20:43 | Potion of Mana |
| 20:44 | Potion of Healing |
| 20:50 | Orb of Venom |
| 21:41 | Howl of Terror |
| 22:16 | Druid of the Claw |
| 22:42 | Druid of the Claw |
| 22:56 | Druid of the Claw |
| 23:57 | Wisp |
| 24:02 | Dryad |
| 24:08 | Advanced Reinforced Hides |
| 24:40 | Wisp |
| 24:41 | Wisp |
| 24:57 | Tranquility |
| 24:59 | Druid of the Claw |
| 25:05 | Cleaving Attack |
| 25:55 | Druid of the Claw |
| 26:27 | Druid of the Claw |
| 26:53 | Druid of the Claw |
| 27:56 | Tree of Life |
| 28:15 | Dryad |
| 28:19 | Trueshot Aura |
| 30:10 | Starfall |
| Right click | 2703 |
| Select | 1220 |
| Select group | 898 |
| Misc. action | 347 |
| Build/train/purchase | 164 |
| Use ability | 86 |
| Assign group | 40 |
| Item give/drop | 3 |
57 units @ 8.3k
/ 1k
38 buildings @ 6k
/ 2.8k



| Healing Salve | 10 | 1000 |
| Lesser Clarity Potion | 17 | 1190 |
| Potion of Mana | 2 | 400 |
| Scroll of Speed | 4 | 200 |
| Potion of Healing | 4 | 600 |
| Orb of Lightning | 2 | 750 |
| Scroll of Town Portal | 1 | 350 |
| Potion of Lesser Invulnerability | 1 | 150 |
| total: | 41 | 4640g |
| Peon | 23 | 1725 | / | 0 |
| Grunt | 10 | 2000 | / | 0 |
| Troll Headhunter | 6 | 840 | / | 120 |
| Raider | 9 | 1620 | / | 360 |
| Tauren | 5 | 1400 | / | 400 |
| Troll Berserker | 3 | 420 | / | 60 |
| Wind Rider | 1 | 265 | / | 40 |
| total: | 57 | 8270g | / | 980w |
| Watch Tower | 12 | 1320 | / | 960 |
| Altar of Storms | 2 | 360 | / | 100 |
| Orc Burrow | 10 | 1600 | / | 400 |
| Barracks | 3 | 540 | / | 150 |
| Voodoo Lounge | 2 | 260 | / | 60 |
| War Mill | 2 | 410 | / | 0 |
| Great Hall | 2 | 770 | / | 370 |
| Beastiary | 4 | 580 | / | 560 |
| Tauren Totem | 1 | 135 | / | 155 |
| Stronghold | 3 | 945 | / | 570 |
| Fortress | 1 | 325 | / | 190 |
| total: | 38 | 5975g | / | 2755w |
| 0:02 | Peon |
| 0:06 | Peon |
| 0:12 | Altar of Storms |
| 0:22 | Orc Burrow |
| 0:25 | Peon |
| 0:43 | Barracks |
| 0:46 | Peon |
| 0:54 | Peon |
| 1:06 | Peon |
| 1:26 | Peon |
| 1:29 | Voodoo Lounge |
| 1:49 | Grunt |
| 2:15 | Feral Spirit |
| 2:21 | Stronghold |
| 2:32 | Orc Burrow |
| 2:56 | War Mill |
| 3:26 | Grunt |
| 3:38 | Orc Burrow |
| 3:57 | Chain Lighting |
| 4:34 | Grunt |
| 5:05 | Troll Headhunter |
| 5:24 | Troll Headhunter |
| 5:27 | Reinforced Defenses |
| 5:30 | Healing Salve |
| 5:30 | Lesser Clarity Potion |
| 5:42 | Watch Tower |
| 5:51 | Grunt |
| 6:01 | War Stomp |
| 6:11 | Grunt |
| 6:35 | Potion of Mana |
| 7:00 | Lesser Clarity Potion |
| 7:02 | Troll Headhunter |
| 7:05 | Scroll of Speed |
| 7:31 | Watch Tower |
| 7:35 | Watch Tower |
| 7:40 | Peon |
| 7:40 | Peon |
| 7:51 | Troll Headhunter |
| 7:55 | Beastiary |
| 8:06 | Lesser Clarity Potion |
| 8:08 | Lesser Clarity Potion |
| 8:12 | Healing Salve |
| 8:26 | Berserker Strength |
| 8:30 | Peon |
| 8:30 | Peon |
| 8:52 | Troll Headhunter |
| 8:57 | Ensnare |
| 9:01 | Peon |
| 9:10 | Feral Spirit |
| 9:17 | Endurance Aura |
| 9:24 | Steel Armor |
| 9:26 | Lesser Clarity Potion |
| 9:27 | Lesser Clarity Potion |
| 9:31 | Healing Salve |
| 9:49 | Raider |
| 9:52 | Pillage |
| 10:12 | Orc Burrow |
| 10:15 | Steel Ranged Weapons |
| 10:21 | Steel Melee Weapons |
| 10:36 | Potion of Lesser Invulnerability |
| 11:13 | Raider |
| 11:25 | War Stomp |
| 11:46 | Great Hall |
| 11:48 | Watch Tower |
| 11:52 | Raider |
| 12:16 | Lesser Clarity Potion |
| 12:18 | Potion of Healing |
| 12:21 | Lesser Clarity Potion |
| 12:31 | Healing Salve |
| 12:42 | Healing Salve |
| 12:50 | Scroll of Speed |
| 13:00 | Watch Tower |
| 13:25 | Peon |
| 13:25 | Peon |
| 13:34 | Chain Lighting |
| 13:56 | Fortress |
| 14:21 | Peon |
| 14:55 | Thorium Armor |
| 15:00 | Tauren Totem |
| 15:19 | Raider |
| 15:24 | Endurance Aura |
| 15:52 | Healing Salve |
| 15:52 | Lesser Clarity Potion |
| 15:57 | Lesser Clarity Potion |
| 16:04 | Peon |
| 16:05 | Peon |
| 16:05 | Peon |
| 16:17 | Pulverize |
| 16:26 | Orb of Lightning |
| 16:26 | Potion of Healing |
| 16:29 | Scroll of Town Portal |
| 16:34 | Lesser Clarity Potion |
| 16:34 | Healing Salve |
| 16:42 | Watch Tower |
| 16:44 | Watch Tower |
| 16:47 | Orc Burrow |
| 16:50 | Orc Burrow |
| 16:51 | Orc Burrow |
| 16:52 | Tauren |
| 17:09 | Raider |
| 17:12 | Grunt |
| 17:15 | Peon |
| 17:22 | Mirror Image |
| 17:25 | Potion of Healing |
| 17:27 | Scroll of Speed |
| 17:28 | Lesser Clarity Potion |
| 17:40 | Raider |
| 17:44 | Tauren |
| 18:18 | Berserker Upgrade |
| 18:21 | Barracks |
| 18:28 | Barracks |
| 18:53 | Tauren |
| 18:57 | Troll Headhunter |
| 19:02 | Orc Burrow |
| 19:31 | Troll Berserker |
| 19:32 | Raider |
| 19:34 | Critical Strike |
| 19:44 | Feral Spirit |
| 20:09 | Troll Berserker |
| 20:10 | Raider |
| 20:11 | Tauren |
| 20:20 | Lesser Clarity Potion |
| 20:22 | Lesser Clarity Potion |
| 20:37 | Orb of Lightning |
| 20:48 | Potion of Healing |
| 21:07 | Potion of Mana |
| 21:15 | Lesser Clarity Potion |
| 21:23 | Thorium Ranged Weapons |
| 22:09 | Troll Berserker |
| 22:45 | Raider |
| 23:02 | Grunt |
| 23:24 | Tauren |
| 23:24 | Grunt |
| 23:40 | Lesser Clarity Potion |
| 23:41 | Healing Salve |
| 23:42 | Lesser Clarity Potion |
| 24:10 | Great Hall |
| 24:40 | Grunt |
| 24:58 | Scroll of Speed |
| 25:16 | Watch Tower |
| 25:17 | Watch Tower |
| 25:42 | War Stomp |
| 25:44 | Mirror Image |
| 26:40 | Watch Tower |
| 26:40 | Watch Tower |
| 26:41 | Watch Tower |
| 27:11 | Voodoo Lounge |
| 27:16 | Peon |
| 27:16 | Peon |
| 27:16 | Peon |
| 27:25 | Altar of Storms |
| 27:56 | Beastiary |
| 28:00 | Beastiary |
| 28:05 | Beastiary |
| 28:06 | Peon |
| 28:12 | Stronghold |
| 28:27 | Grunt |
| 28:32 | War Mill |
| 28:42 | Healing Salve |
| 28:42 | Healing Salve |
| 28:59 | Wind Rider |
| 29:04 | Stronghold |
| 29:14 | Orc Burrow |
| 29:45 | Orc Burrow |
| 29:55 | Spiked Barricades |
| Right click | 1482 |
| Select | 652 |
| Select group | 443 |
| Build/train/purchase | 279 |
| Assign group | 123 |
| Misc. action | 101 |
| Use ability | 69 |
| Item give/drop | 10 |
| Esc | 10 |
| Minimap ping | 4 |
⇛